 Dungeon Crawl Stone Soup version 0.20.1-1-g8b1a95d (webtiles) character file.

1360 cba the Shield-Bearer (level 8, -4/65 HPs)
             Began as a Formicid Fighter on Sept 18, 2017.
             Slain by a steam dragon (6 damage)
             ... on level 5 of the Dungeon.
             The game lasted 00:06:30 (4706 turns).

cba the Shield-Bearer (Formicid Fighter)            Turns: 4706, Time: 00:06:30

Health: -4/65      AC: 10    Str: 23    XL:     8   Next: 96%
Magic:  8/8        EV:  9    Int:  8    God:
Gold:   231        SH: 11    Dex: 14    Spells: 7/7 levels left

rFire    . . .     SeeInvis +   a - +2 war axe
rCold    . . .     Gourm    .   c - +0 shield
rNeg     . . .     Faith    .   n - +0 chain mail
rPois    .         Spirit   .   (helmet unavailable)
rElec    .         Reflect  .   (no cloak)
rCorr    .         Harm     .   (no gloves)
MR       .....                  (no boots)
Stlth    ..........             (no amulet)
Regen    0.2/turn               r - +4 ring of dexterity
MPRegen  0.2/turn               s - +2 ring of evasion

@: no status effects
A: permanent stasis, dig shafts and tunnels, four strong arms, antennae 3
a: Dig, Shaft Self


You were on level 5 of the Dungeon.
You were not hungry.

You visited 2 branches of the dungeon, and saw 6 of its levels.

You collected 231 gold pieces.

Inventory:

Hand Weapons
 a - a +2 war axe (weapon)
 m - a +0 morningstar
Armour
 c - a +0 shield (worn)
 n - a +0 chain mail (worn)
Jewellery
 i - an uncursed ring of stealth
 r - a +4 ring of dexterity (left hand)
 s - a +2 ring of evasion (right hand)
 u - an uncursed amulet of the gourmand {unknown}
Wands
 b - a wand of flame (35/48)
Scrolls
 l - a scroll of identify
Potions
 d - 2 potions of might
 e - a potion of agility
 g - 2 potions of heal wounds {unknown}
 h - 6 potions of curing
 k - a potion of flight {unknown}
 o - 3 potions of mutation {unknown}
 p - a potion of lignification {unknown}
 q - 2 potions of berserk rage {unknown}
 t - a potion of degeneration {unknown}
Comestibles
 f - 5 bread rations
 j - a fruit


   Skills:
 + Level 6.6 Fighting
 + Level 5.2(5.4) Axes
 - Level 2.0(3.8) Maces & Flails
 + Level 6.2 Armour
 + Level 7.0 Shields


You had 7 spell levels left.
You didn't know any spells.

Dungeon Overview and Level Annotations

Branches:
Dungeon (5/15)             Temple (1/1) D:5

Altars:
Ashenzari
Cheibriados
Dithmenos
Elyvilon
Fedhas
Gozag
Hepliaklqana
Kikubaaqudgha
Makhleb
Nemelex Xobeh
Qazlal
Ru
Sif Muna
Trog
Uskayaw
Vehumet
Xom
Yredelemnul
Zin
The Shining One


Innate Abilities, Weirdness & Mutations

You cannot be hasted, slowed, berserked, paralysed or teleported.
You can dig through walls and to a lower floor.
Your four strong arms can wield two-handed weapons with a shield.
You have a pair of large antennae on your head. (SInv)


Message History

The ball of steam hits you!
* * * LOW HITPOINT WARNING * * *
You closely miss the steam dragon.
The steam dragon is heavily wounded.
You hit the fungus.
You hit the steam dragon but do no damage.
You slash the fungus!
You destroy the fungus!
You are engulfed in a cloud of scalding steam.
* * * LOW HITPOINT WARNING * * *
The fungus is engulfed in a cloud of scalding steam.
The fungus is destroyed!
The fungus is engulfed in a cloud of scalding steam.
The steam dragon barely misses you. x2; You block the steam dragon's attack.
The steam dragon claws you but does no damage.
The steam dragon breathes steam at you. The ball of steam hits you!
* * * LOW HITPOINT WARNING * * *
The steam dragon bites you.
You die...

'.........(........+.............
#....###.#.#########.......######
.....# #.#.# #.......# .....#
#.#.# #.......# .....# #.#.#
#######.# ###### #.#.# ##≈.## #.#
..P### #...#######P≈PP.≈ #.#
..≈≈.#######§P§.D§^≈...^ #.#
≈PPPPP≈≈≈..§..§§@D...... #.#
.........≈≈§§§§§.P.≈.... #.#
≈...≈≈PPP#########.P...≈ #.#
P≈########.....# #≈≈P≈P##.#
###........###.# #..P##..#
....######## #.## #####..## .####
#..# #.....## ## ##.#
#.########### #.## #.###.......#


You could see 2 steam dragons.

Vanquished Creatures
  Grinder (D:5)
  A phantom (D:3)
  3 ogres
  A centaur (D:5)
  Blork the orc (D:5)
  A howler monkey (D:4)
  2 hounds (D:4)
  4 orc wizards
  3 orc priests
  Terence (D:2)
  An iguana (D:4)
  Ijyb (D:3)
  4 worker ants
  Robin (D:2)
  6 adders
  A shadow imp (D:5)
  An ooze (D:4)
  3 worms
  3 dart slugs
  2 leopard geckos (D:2)
  12 orcs
  8 bats
  3 giant cockroaches
  12 goblins
  12 hobgoblins
  7 jackals
  9 kobolds
  2 quokkas
  2 ball pythons
  A ball python skeleton (D:5)
  5 frilled lizards
  16 rats
  A fungus (D:5)
  A plant (D:3)
132 creatures vanquished.

Vanquished Creatures (others)
  2 fungi (D:5)
2 creatures vanquished.

Grand Total: 134 creatures vanquished

Notes
Turn   | Place    | Note
-------+----------+-------------------------------------------
     0 | D:1      | cba the Formicid Fighter began the quest for the Orb.
     0 | D:1      | Reached XP level 1. HP: 18/18 MP: 1/1
   111 | D:1      | Reached XP level 2. HP: 24/24 MP: 2/2
   278 | D:1      | Reached XP level 3. HP: 25/30 MP: 3/3
   498 | D:1      | Reached skill level 4 in Shields
   684 | D:1      | Reached XP level 4. HP: 19/37 MP: 4/4
  1000 | D:2      | Noticed Robin
  1239 | D:2      | Noticed Terence
  1251 | D:2      | Killed Terence
  1251 | D:2      | Reached XP level 5. HP: 35/43 MP: 5/5
  1396 | D:2      | Killed Robin
  1780 | D:3      | Noticed a phantom
  1816 | D:3      | Killed a phantom
  1816 | D:3      | Reached skill level 1 in Maces & Flails
  1816 | D:3      | Reached XP level 6. HP: 39/50 MP: 6/6
  1924 | D:3      | Noticed an ogre
  1936 | D:3      | Killed an ogre
  1936 | D:3      | Reached skill level 5 in Fighting
  1936 | D:3      | Reached skill level 5 in Shields
  2140 | D:3      | Reached XP level 7. HP: 54/56 MP: 7/7
  2196 | D:3      | Noticed Ijyb
  2211 | D:3      | Killed Ijyb
  2554 | D:4      | Found a basalt altar of Yredelemnul.
  2633 | D:4      | Found a shimmering altar of Xom.
  2744 | D:4      | Reached skill level 5 in Armour
  3054 | D:4      | Reached XP level 8. HP: 47/64 MP: 8/8
  3158 | D:4      | Reached skill level 6 in Shields
  3476 | D:5      | Entered Level 5 of the Dungeon
  3548 | D:5      | Noticed Blork the orc
  3565 | D:5      | Killed Blork the orc
  3821 | D:5      | Noticed Grinder
  3836 | D:5      | Killed Grinder
  3836 | D:5      | Reached skill level 5 in Axes
  3942 | D:5      | Reached skill level 7 in Shields
  4014 | D:5      | Found a staircase to the Ecumenical Temple.
  4288 | Temple   | Entered the Ecumenical Temple
  4706 | D:5      | HP: 2/65 [steam dragon/ball of steam (10)]
  4706 | D:5      | Slain by a steam dragon

Skill      XL: |  1  2  3  4  5  6  7  8 |
---------------+-------------------------+-----
Shields        | 4 5 7 |  7.0
Fighting       | 4 5 6 |  6.6
Axes           | 3 4 5 |  5.2
Armour         | 4 5 6 |  6.2
Maces & Flails | 1 2 |  2.0

Action                   |  1- 3 |  4- 6 |  7- 9 || total
-------------------------+-------+-------+-------++-------
Melee: War axe           |    86 |   148 |   214 ||   448
  Use: Scroll            |     5 |     6 |     4 ||    15
       Potion            |       |       |     3 ||     3
  Eat: Chunk             |       |     4 |     4 ||     8
       Meat ration       |       |       |     1 ||     1
Armor: Scale mail        |    33 |    15 |       ||    48
       Chain mail        |       |    45 |    81 ||   126
Dodge: Dodged            |    33 |    47 |    78 ||   158
Block: Shield            |    45 |    96 |   132 ||   273
